 Dungeon Sprint DCSS version 0.23.2-40-g277498a001 (webtiles) character file.

Game seed: 5022543859208836651

296 Nivan the Protected (level 6, -2/62 HPs)
             Began as a Minotaur Fighter on Sept 26, 2019.
             Slain by Sonja
             ... wielding a +1 dagger of distortion
              (14 damage)
             ... in the Dungeon (Sprint I: "Red Sonja").
             The game lasted 00:01:46 (62 turns).

Nivan the Protected (Minotaur Fighter)                Turns: 62, Time: 00:01:46

Health: -2/62      AC:  8    Str: 27    XL:     6   Next: 12%
Magic:  5/5        EV:  9    Int: 10    God:
Gold:   27         SH: 12    Dex: 10    Spells: 5/5 levels left

rFire    . . .     SeeInvis .   a - +0 war axe
rCold    . . .     Gourm    .   c - +0 shield
rNeg     . . .     Faith    .   b - +0 scale mail
rPois    .         Spirit   .   (helmet restricted)
rElec    .         Reflect  .   (no cloak)
rCorr    .         Harm     .   (no gloves)
MR       .....     NoTele   +   (no boots)
Stlth    ..........             (no amulet)
HPRegen  0.20/turn              (no ring)
MPRegen  0.09/turn              (no ring)

@: mighty, brilliant, lethally poisoned (-2 -> -8), slowed, very slow
A: retaliatory headbutt, horns 2
a: no special abilities


You were in the Dungeon.
You were not hungry.

You visited 1 branch You collected 27 gold pieces.

Inventory:

Hand Weapons
 a - a +0 war axe (weapon)
 o - a +0 dagger
Armour
 b - a +0 scale mail (worn)
 c - a +0 shield (worn)
 p - a +0 ring mail
Wands
 l - a wand of flame (16)
Scrolls
 k - a scroll of blinking
Potions
 e - a potion of curing
 g - a potion of heal wounds
 i - 2 potions of magic
 j - a potion of berserk rage
Comestibles
 f - a ration
 n - 2 chunks of flesh


   Skills:
 + Level 8.6 Fighting
 + Level 6.4 Axes
 + Level 9.3 Armour
 + Level 9.0 Shields


You had 5 spell levels left.
You didn't know any spells.
Your spell library was empty.

Dungeon Overview and Level Annotations

Branches:
Dungeon (1/1)

Altars:
Sif Muna
Vehumet
Wu Jian

Annotations:
D Sonja


Innate Abilities, Weirdness & Mutations

You reflexively headbutt those who attack you in melee.
You have a pair of horns on your head.


Message History

Sonja wields a +1 dagger of distortion.
Its appearance distorts for a moment.
Sonja hits you with a +1 dagger of distortion.
Space bends around you. You block Sonja's attack. Sonja barely misses you.
You closely miss Sonja. You headbutt Sonja!
Sonja is moderately wounded.
You feel sick.
Sonja hits you with a +1 dagger of distortion.
You feel a strange sense of stasis. You block Sonja's attack. x2
You barely miss Sonja. Your headbutt misses Sonja.
Sonja is moderately wounded.
You feel yourself slow down.
You feel sick. You block Sonja's attack. Sonja hits you but does no damage.
Sonja hits you with a +1 dagger of distortion.
* * * LOW HITPOINT WARNING * * *
Space bends around you.
* * * LOW HITPOINT WARNING * * *
Sonja hits you with a +1 dagger of distortion.
* * * LOW HITPOINT WARNING * * *
Space warps horribly around you!
You die...

#..÷..#..').#.$+
#..#####'#####'#
#..# #$$# #(#
#..# #### ##[#
#..# #+#_.+ #⌠⌠#
+..._# ####
#_.#+# ##'# #@#


+$K$+ #$.$# ##.## #+# You could see Sonja.

Vanquished Creatures
  Sigmund (D)
  An ogre (D)
  A jelly (D)
  Ijyb (D)
4 creatures vanquished.

Notes
Turn   | Place    | Note
-------+----------+-------------------------------------------
     0 | D        | Nivan the Minotaur Fighter began the quest for the Orb.
     0 | D        | Reached XP level 1. HP: 19/19 MP: 0/0
     2 | D        | Noticed Ijyb
    14 | D        | Killed Ijyb
    14 | D        | Reached skill level 5 in Fighting
    14 | D        | Reached skill level 5 in Armour
    14 | D        | Reached skill level 5 in Shields
    14 | D        | Reached XP level 2. HP: 27/29 MP: 1/1
    25 | D        | Noticed an ogre
    29 | D        | Killed an ogre
    29 | D        | Reached XP level 3. HP: 37/38 MP: 2/2
    29 | D        | Reached XP level 4. HP: 44/45 MP: 3/3
    34 | D        | Noticed Sigmund
    42 | D        | Killed Sigmund
    42 | D        | Reached XP level 5. HP: 35/55 MP: 4/4
    42 | D        | Reached XP level 6. HP: 40/62 MP: 5/5
    49 | D        | Found a deep blue altar of Sif Muna.
    50 | D        | Found an ornate altar of the Wu Jian Council.
    51 | D        | Found a radiant altar of Vehumet.
    58 | D        | Noticed Sonja
    62 | D        | Slain by Sonja

Skill      XL: |  1  2  3  4  5  6 |
---------------+-------------------+-----
Fighting       | 5 6 8 |  8.6
Axes           | 3 4 6 |  6.4
Armour         | 5 7 9 |  9.3
Shields        | 5 6 8 9 |  9.0

Action                   |  1- 3 |  4- 6 || total
-------------------------+-------+-------++-------
Melee: War axe           |    12 |     8 ||    20
       Headbutt          |     2 |     4 ||     6
  Use: Potion            |     3 |       ||     3
Armor: Scale mail        |     5 |     1 ||     6
Dodge: Dodged            |     3 |     2 ||     5
Block: Shield            |     4 |     5 ||     9
